 Dungeon Crawl Stone Soup version 0.29-a0-284-gf9362112df (webtiles) character file.

Game seed: 17926693875225182481

462 marklar909 the Grave Robber (level 7, -1/52 HPs)
             Began as a Ghoul Necromancer on Mar 22, 2022.
             Slain by Grinder (2 damage)
             ... while paralysed by Grinder
             ... on level 5 of the Dungeon.
             The game lasted 00:09:58 (6211 turns).

marklar909 the Grave Robber (Ghoul Necromancer)     Turns: 6211, Time: 00:09:59

Health: -1/52      AC:  7    Str: 12    XL:     7   Next: 7%
Magic:  19/19      EV:  2    Int: 16    God:
Gold:   191        SH:  0    Dex:  9    Spells: 8/12 levels left

rFire   . . .      SeeInvis .   f - +9 fustibalus "Adocex" {vorpal, rN+ Int+4}
rCold   + . .      Faith    .   (no shield)
rNeg    + + +      Spirit   .   p - +0 troll leather armour
rPois   ∞          Reflect  .   m - +2 helmet
rElec   .          Harm     .   (no cloak)
rCorr   .          Rampage  .   (no gloves)
Will    .....                   (no boots)
Stlth   ++........              (no amulet)
HPRegen 0.00/turn               g - ring of magical power
MPRegen 0.16/turn               (no ring)

@: paralysed, inhibited regen
A: claws 1, cold resistance 1, negative energy resistance 3, inhibited
regeneration, torment resistance 2
a: no special abilities


You were on level 5 of the Dungeon.
You visited 1 branch of the dungeon, and saw 5 of its levels.

You collected 354 gold pieces.
You spent 163 gold pieces at shops.

Inventory:

Hand Weapons
 e - a +2 dagger of venom
 f - the +9 fustibalus "Adocex" (weapon) {vorpal, rN+ Int+4}
   (You found it on level 2 of the Dungeon)

   Any ammunition fired from it inflicts extra damage upon your enemies.
   Int:       It affects your intelligence (+4).
   rN:        It protects you from negative energy.
Missiles
 h - 117 stones (quivered)
Armour
 m - a +2 helmet (worn)
 p - a +0 troll leather armour (worn)
Jewellery
 g - a ring of magical power (left claw)
Wands
 a - a wand of acid (6)
 d - a wand of flame (16)
Scrolls
 c - 3 scrolls of identify
 j - a scroll of summoning {unknown}
 l - 2 scrolls of teleportation
 n - a scroll of torment {unknown}
 o - 3 scrolls of silence
 r - a scroll of vulnerability {unknown}
 s - a scroll of immolation {unknown}
Potions
 b - 3 potions of magic
 i - 2 potions of attraction
 k - a potion of mutation
 q - a potion of heal wounds {unknown}


   Skills:
 + Level 1.3 Fighting
 + Level 1.1 Short Blades
 + Level 2.6(2.7) Slings
 + Level 0.8(1.9) Throwing
 + Level 0.1 Armour
 + Level 2.1 Dodging
 + Level 2.7 Stealth
 + Level 3.2 Spellcasting
 + Level 5.7 Necromancy


You had 8 spell levels left.
You knew the following spells:

 Your Spells              Type           Power      Damage    Failure   Level
a - Pain                  Necr           80%        1d8       2%          1
b - Vampiric Draining     Necr           20%        2d7       7%          3

Your spell library contained the following spells:

 Spells                   Type           Power      Damage    Failure   Level
 Animate Skeleton         Necr           40%        N/A       2%          1
 Animate Dead             Necr           10%        N/A       22%         4
 Agony                    Necr           20%        N/A       52%         5


Dungeon Overview and Level Annotations

Branches:
Dungeon (5/15)
 Temple: D:4-7

Altars:

Shops:
D:1 *   D:4 *

Annotations:
D:5 Grinder


Innate Abilities, Weirdness & Mutations

You thrive by killing the living.
You are immune to poison.
You have sharp fingernails.
Your flesh is cold resistant. (rC+)
You are immune to negative energy. (rN+++)
You do not regenerate when monsters are visible.
You are immune to unholy pain and torment.


Message History

You throw a stone. The stone closely misses Grinder.
Grinder blinks!
Unknown command.
Throw: 119 stones
Press: ? - help, Q - select action, (/) - cycle Shift-Dir - straight line, f/p - Grinder
Aim: Grinder (moderately wounded, 47% to hit)
You throw a stone.
The stone hits Grinder but does no damage.
Grinder is moderately wounded.
Throw: 118 stones
Press: ? - help, Q - select action, (/) - cycle Shift-Dir - straight line, f/p - Grinder
Aim: Grinder (moderately wounded, 47% to hit)
You throw a stone. The stone hits Grinder.
Grinder is moderately wounded.
Grinder hits you.
* * * LOW HITPOINT WARNING * * *
Grinder gestures at you.
You suddenly lose the ability to move!
Grinder hits you.
* * * LOW HITPOINT WARNING * * *
You can move again.
Grinder attacks as you move away! Grinder hits you but does no damage.
Grinder attacks as you move away! Grinder hits you.
* * * LOW HITPOINT WARNING * * *
Grinder blinks!
Grinder gestures at you.
You suddenly lose the ability to move!
Grinder says, "Wait up."
You can move again.
Grinder attacks as you move away! Grinder hits you.
* * * LOW HITPOINT WARNING * * *
Grinder attacks as you move away! Grinder hits you.
* * * LOW HITPOINT WARNING * * *
Grinder attacks as you move away! Grinder hits you but does no damage.
Okay, then.
Grinder attacks as you move away! Grinder hits you but does no damage.
Grinder gestures at you.
You suddenly lose the ability to move!
Grinder hits you.
You die...

#.# #.........##.# #.#
#.##########.## #.#
#.............# #.#######
#..############ ........#
#.............# ........#
#...########.##
........#########...#.....##.#
................)...#.#...##.#
........########@...#.#.####.#
....############5...#.#......#
....# #..........[#.######.#
....# #.#######...#.# ###
....#####.# #.....#
........#.# #####..#
..........# #......#
..........# #.####.#########
..........# #.# #.........#


You could see Grinder.

Vanquished Creatures
  A bullfrog (D:4)
  A hound (D:4)
  An orc priest (D:4)
  Ijyb (D:5)
  Natasha (thrice) (D:2)
  An orc wizard (D:4)
  Robin (D:2)
  6 gnolls
  3 adders (D:2)
  A shadow imp (D:4)
  3 worms
  3 dart slugs
  11 orcs
  3 endoplasms
  6 giant cockroaches
  14 goblins
  9 hobgoblins
  4 jackals (D:1)
  4 quokkas
  7 ball pythons
  4 bats
  A frilled lizard (D:2)
  4 kobolds
  2 rats
94 creatures vanquished.

Notes
Turn   | Place    | Note
-------+----------+-------------------------------------------
     0 | D:1      | marklar909 the Ghoul Necromancer began the quest for the
                  | Orb.
     0 | D:1      | Reached XP level 1. HP: 14/14 MP: 2/2
   512 | D:1      | Reached XP level 2. HP: 20/20 MP: 1/3
   540 | D:1      | Found Dinuez's General Store.
   569 | D:1      | Found a faded altar of an unknown god.
  1638 | D:2      | Reached XP level 3. HP: 17/27 MP: 0/4
  1849 | D:2      | Learned a level 3 spell: Vampiric Draining
  2545 | D:2      | Reached XP level 4. HP: 31/34 MP: 6/6
  2554 | D:2      | Reached skill level 5 in Necromancy
  2769 | D:2      | Noticed Robin
  2803 | D:2      | Killed Robin
  2819 | D:2      | Reached XP level 5. HP: 31/39 MP: 4/7
  3298 | D:2      | Noticed Natasha
  3302 | D:2      | Killed Natasha
  3303 | D:2      | Reached skill level 1 in Fighting
  3393 | D:2      | Noticed Natasha
  3401 | D:2      | Killed Natasha
  3402 | D:2      | Reached skill level 1 in Short Blades
  3678 | D:2      | Noticed Natasha
  3690 | D:2      | Killed Natasha
  3694 | D:2      | Identified the +9 fustibalus "Adocex" {vorpal, rN+ Int+4}
  4166 | D:3      | Reached XP level 6. HP: 47/47 MP: 9/9
  4500 | D:4      | Reached skill level 1 in Slings
  5002 | D:4      | Found Jahu's General Store.
  5010 | D:4      | Bought 3 scrolls of identify for 66 gold pieces
  5010 | D:4      | Bought a scroll of teleportation for 33 gold pieces
  5010 | D:4      | Bought a scroll of teleportation for 33 gold pieces
  5010 | D:4      | Bought 29 stones for 31 gold pieces
  5469 | D:5      | Entered Level 5 of the Dungeon
  5487 | D:5      | Noticed Ijyb
  5492 | D:5      | Killed Ijyb
  5586 | D:4      | Reached XP level 7. HP: 8/52 MP: 10/10
  5591 | D:4      | HP: 2/52 [something (4)]
  6105 | D:5      | Noticed Grinder
  6106 | D:5      | Paralysed by Grinder for 5 turns
  6121 | D:5      | Paralysed by Grinder for 4 turns
  6129 | D:5      | Paralysed by Grinder for 5 turns
  6144 | D:5      | Paralysed by Grinder for 7 turns
  6154 | D:5      | Paralysed by Grinder for 7 turns
  6176 | D:5      | Paralysed by Grinder for 3 turns
  6193 | D:5      | Paralysed by Grinder for 5 turns
  6205 | D:5      | HP: 1/52 [Grinder (6)]
  6209 | D:5      | Paralysed by Grinder for 3 turns
  6211 | D:5      | Slain by Grinder

Illustrated notes

Levels and vault maps discovered:
D:1:      kilobyte_arrival_exit_the_forest, layout_loops_ring,
          ebering_ecumenical_altar_mist, serial_shops, shop_statue,
          minmay_misc_feat_diagonals
D:2:      layout_loops_corners, uniq_robin, uniq_natasha
D:3:      layout_basic, hangedman_decor_slide_cut
D:4:      layout_basic, serial_shops, shop, grunt_ministairs_14, st_stairs_12,
          minmay_statues_item, chequers_serial_rivers_micro_c, minivault_23,
          kennysheep_generic_room_2
D:5:      layout_basic, uniq_ijyb, uniq_grinder, uniq_pikel

Skill      XL: |  1  2  3  4  5  6 |
---------------+-------------------+-----
Spellcasting   | 2 3 |  3.2
Necromancy     | 5 |  5.7
Dodging        | 2 |  2.1
Fighting       | 1 |  1.3
Short Blades   | 1 |  1.1
Slings         | 2 |  2.6
Throwing       | |  0.8
Armour         | |  0.1
Stealth        | |  2.7

Action                   |  1- 3 |  4- 6 |  7- 9 || total
-------------------------+-------+-------+-------++-------
Melee: Unarmed           |    10 |       |       ||    10
       Punch             |     1 |       |       ||     1
       Dagger            |    58 |    71 |       ||   129
       Fustibalus        |       |       |     4 ||     4
 Fire: Fustibalus        |       |    64 |     1 ||    65
Throw: Stone             |       |    18 |    59 ||    77
 Cast: Pain              |    46 |    37 |       ||    83
       Vampiric Draining |       |       |     2 ||     2
Evoke: Wand              |       |     1 |       ||     1
  Use: Scroll            |       |    12 |       ||    12
       Potion            |       |       |     1 ||     1
Armor: Robe              |    17 |    18 |       ||    35
       Troll leather arm |       |    25 |    20 ||    45
Dodge: Dodged            |    39 |    73 |    21 ||   133

Table legend: (Time is in decaauts)
 A = Elapsed time spent in this place.
 B = Non-inter-level travel time spent in this place.
 C = Inter-level travel time spent in this place.
 D = Time resting spent in this place.
 E = Time spent auto-exploring this place.
 F = Levels seen in this place.
 G = Mean time per level.
                   A        B        C        D        E       F      G
               +--------+--------+--------+--------+--------+-----+--------+
         Total |   6267 |   6012 |    255 |   1114 |   4066 |   5 | 1253.4 |
       Dungeon |   6267 |   6012 |    255 |   1114 |   4066 |   5 | 1253.4 |
               +--------+--------+--------+--------+--------+-----+--------+

Top non-repeatable levels by time:
     D:1: 2054 daAuts
     D:2: 1984 daAuts
     D:4: 1303 daAuts
     D:3: 482 daAuts
     D:5: 443 daAuts
